 Dungeon Crawl Stone Soup version 0.30.0-29-ga12c61a403 (webtiles) character file.

Game seed: 5271230359294289363

1471 Irreverend the Reanimator (level 8, -8/48 (52) HPs)
             Began as a Demonspawn Necromancer on June 6, 2023.
             Killed by divine providence
             ... invoked by an orc priest
              (9 damage)
             ... on level 6 of the Dungeon.
             The game lasted 00:14:45 (6025 turns).

Irreverend the Reanimator (Demonspawn Necromancer)  Turns: 6025, Time: 00:14:46

HP:   -8/48 (52)    AC:  2    Str:  8    XL:     8   Next: 49%
MP:   0/25          EV: 14    Int: 20    God:
Gold: 183           SH:  0    Dex: 13    Spells: 8/18 levels left

rFire   . . .        h - +0 dagger
rCold   . . .        (no shield)
rNeg    . . .        a - +0 robe
rPois   .            (no helmet)
rElec   .            (no cloak)
rCorr   .            (no gloves)
SInv    .            (no boots)
Will    .....        k - amulet of magic regeneration
Stlth   ++           m - ring of magical power
HPRegen 0.28/turn    (no ring)
MPRegen 0.78/turn

%: guardian spirit
@: very slightly contaminated, drained
A: foul stench 1, magic shield, magic regeneration, magic link, demonic touch 2
a: no special abilities


You were on level 6 of the Dungeon.
You visited 2 branches of the dungeon, and saw 7 of its levels.

You collected 183 gold pieces.

Inventory:

Hand Weapons
 d - a +0 short sword
 h - a +0 dagger (weapon)
Armour
 a - a +0 robe (worn)
 q - a +0 kite shield
Jewellery
 f - an amulet of guardian spirit
 k - an amulet of magic regeneration (around neck)
 m - a ring of magical power (left hand)
 o - an amulet of reflection
 p - a ring of positive energy
 y - a ring of magical power
 F - a ring of resist corrosion
Wands
 A - a wand of light (8)
 B - a wand of flame (27)
Scrolls
 c - 4 scrolls of identify {unknown}
 g - a scroll of amnesia {unknown}
 j - 3 scrolls of fog {unknown}
 n - 2 scrolls of enchant armour {unknown}
 v - 2 scrolls of teleportation {unknown}
 w - 2 scrolls of noise {unknown}
 x - 2 scrolls of fear {unknown}
 D - a scroll of enchant weapon {unknown}
 E - a scroll of poison {unknown}
Potions
 b - a potion of magic
 e - a potion of mutation {unknown}
 i - a potion of heal wounds {unknown}
 l - a potion of invisibility {unknown}
 r - a potion of might {unknown}
 s - 3 potions of curing {unknown}
 t - 2 potions of haste {unknown}
 u - 2 potions of flight {unknown}
 z - a potion of berserk rage {unknown}
 C - a potion of attraction {unknown}


   Skills:
 + Level 5.8 Dodging
 - Level 1.7 Stealth
 + Level 5.9 Spellcasting
 + Level 8.0 Necromancy
 + Level 0.0 Earth Magic


You had 8 spell levels left.
You knew the following spells:

 Your Spells              Type           Power      Damage    Failure   Level
a - Necrotise             Necr           100%       1d9       1%          1
b - Animate Dead          Necr           38%        N/A       3%          4
c - Borgnjor's Vile Clut  Necr/Erth      11%        N/A       50%         5

Your spell library contained the following spells:

 Spells                   Type           Power      Damage    Failure   Level
 Vampiric Draining        Necr           38%        2d8       1%          3
 Freeze                   Ice            20%        1d4       11%         1
 Sandblast                Erth           12%        2d6       11%         1
 Agony                    Necr           38%        N/A       11%         5
 Passwall                 Tmut/Erth      4%         N/A       16%         2
 Frozen Ramparts          Ice            10%        1d2       32%         3
 Hailstorm                Conj/Ice       5%         3d4       32%         3
 Ignite Poison            Fire/Tmut/Pois 5%         N/A       32%         3
 Stone Arrow              Conj/Erth      10%        3d7       32%         3
 Death Channel            Necr           19%        N/A       52%         6
 Sticky Flame             Conj/Fire      5%         2d3       71%         4
 Ignition                 Fire           2%         3d3       100%        8


Dungeon Overview and Level Annotations

Branches:
Dungeon (6/15)             Temple (1/1) D:4

Altars:
Ashenzari
Fedhas
Gozag
Nemelex Xobeh
Okawaru
Trog
Wu Jian

Shops:
D:2 *

Annotations:
D:2 1 runed translucent door, Crazy Yiuf
D:4 3 runed translucent doors, Darkkill's ghost, amateur MiHu


Innate Abilities, Weirdness & Mutations

You may rarely emit foul miasma when damaged in melee.
When hurt, damage is shared between your health and your magic reserves.
You regenerate magic rapidly.
When low on magic, you restore magic in place of health.
Your touch may inflict irresistible damage on your foes.


Message History

The orc priest casts a cantrip, but nothing happens.
The phantom hits you.
The orc wizard attacks as you move away!
The orc wizard hits you with a +0 dagger.
Casting: Borgnjor's Vile Clutch (extremely dangerous; 50% risk of failure)
Confirm with . or Enter, or press ? or * to list all spells.
Aiming: Borgnjor's Vile Clutch (extremely dangerous; 50% risk of failure)
Press: ? - help, Shift-Dir - straight line, f/p - orc wizard
Aim: an orc wizard, wielding a +0 dagger and wearing a +0 robe (100% to hit)
You miscast Borgnjor's Vile Clutch.
Nothing appears to happen.
The orc priest looks satisfied for a moment.
The phantom hits you.
The orc wizard hits you with a +0 dagger.
A white imp comes into view.
Casting: Borgnjor's Vile Clutch (extremely dangerous; 50% risk of failure)
Confirm with . or Enter, or press ? or * to list all spells.
Aiming: Borgnjor's Vile Clutch (extremely dangerous; 50% risk of failure)
Press: ? - help, Shift-Dir - straight line, f/p - orc wizard
Aim: an orc wizard, wielding a +0 dagger and wearing a +0 robe (100% to hit)
You miscast Borgnjor's Vile Clutch.
You hear strange and distant voices!!
You feel drained.
* * * LOW HITPOINT WARNING * * *
An orc comes into view. It is wielding a +0 short sword.
The orc wizard hits you with a +0 dagger.
* * * LOW HITPOINT WARNING * * *
The phantom barely misses you.
The orc wizard hits you with a +0 dagger.
* * * LOW HITPOINT WARNING * * *
Casting: Borgnjor's Vile Clutch (extremely dangerous; 50% risk of failure)
Confirm with . or Enter, or press ? or * to list all spells.
You don't have enough magic to cast this spell.
Unknown command.
You closely miss the orc wizard.
The orc shouts!
The phantom hits you.
* * * LOW HITPOINT WARNING * * *
You emit a cloud of foul miasma!
The phantom blinks!
You blink.
The orc priest calls down the wrath of Beogh upon you.
Beogh smites you!
You die...

..... #.... ###
#.o!#
...##...######
.......5.....#
........o....#
......o§§....+
...###..##...#
#######@.##...##.
#.....W.......$..
#............[...
+................
###..#####+#####.
######..####...#
...............+
...............#
...............#


You could see a phantom, an orc priest, 2 orc wizards and a white imp.

Vanquished Creatures
  An ice beast (D:5)
  3 ogres
  A phantom (D:5)
  2 centaurs (D:5)
  A bullfrog (D:4)
  2 scorpions (D:5)
  A howler monkey (D:4)
  A hound (D:4)
  An orc priest (D:5)
  A gnoll bouda (D:3)
  Jessica (D:2)
  A sleepcap (D:4)
  Ijyb (D:5)
  An orc wizard (D:4)
  Robin (D:2)
  7 gnolls (D:3)
  4 adders
  2 ufetubi
  2 worms (D:2)
  2 dart slugs
  8 orcs
  9 ball pythons
  3 bats
  6 endoplasms
  3 giant cockroaches
  7 hobgoblins
  14 jackals
  6 kobolds
  2 quokkas
  A frilled lizard (D:2)
  12 goblins
  A rat (D:2)
108 creatures vanquished.

Vanquished Creatures (collateral kills)
  Menkaure (D:5)
  An ice beast (D:5)
  An orc priest (D:5)
  A gnoll (D:3)
  2 orcs
  A ball python (D:4)
  2 giant cockroaches
  A hobgoblin (D:3)
  2 rats
12 creatures vanquished.

Vanquished Creatures (others)
  A centaur zombie (D:5)
  An ice beast zombie (D:5)
  An ogre zombie (D:5)
  An adder zombie (D:5)
  3 gnoll zombies (D:3)
  2 goblin zombies (D:4)
  A hobgoblin zombie (D:4)
  6 orc zombies
  A rat zombie (D:3)
17 creatures vanquished.

Grand Total: 137 creatures vanquished

Notes
Turn   | Place    | Note
-------+----------+-------------------------------------------
     0 | D:1      | Irreverend the Demonspawn Necromancer began the quest for
                  | the Orb.
     0 | D:1      | Reached XP level 1. HP: 13/13 MP: 3/3
   248 | D:1      | Gained mutation: You regenerate magic rapidly. [demonic
                  | ancestry]
   248 | D:1      | Reached XP level 2. HP: 15/19 MP: 0/5
   837 | D:2      | Gained mutation: Your touch may inflict minor irresistible
                  | damage on your foes. [demonic ancestry]
   837 | D:2      | Reached XP level 3. HP: 24/24 MP: 6/6
  1056 | D:2      | Noticed Jessica
  1062 | D:2      | Killed Jessica
  1063 | D:2      | Reached skill level 5 in Necromancy
  1063 | D:2      | Gained mutation: When hurt, damage is shared between your
                  | health and your magic reserves. [demonic ancestry]
  1063 | D:2      | Reached XP level 4. HP: 30/30 MP: 8/8
  1197 | D:2      | Found Izazxalaeg's Assorted Antiques.
  1240 | D:2      | Noticed Robin
  1261 | D:2      | Killed Robin
  1306 | D:2      | Learned a level 4 spell: Animate Dead
  1348 | D:2      | Found a runed translucent door.
  1349 | D:2      | Noticed Crazy Yiuf
  1624 | D:2      | Identified the +5 short sword "Hocungah" {heavy, Fly Str-2
                  | Int+3}
  2022 | D:3      | Gained mutation: You may rarely emit foul miasma when
                  | damaged in melee. [demonic ancestry]
  2022 | D:3      | Reached XP level 5. HP: 34/35 MP: 9/9
  2958 | D:4      | Found a staircase to the Ecumenical Temple.
  2975 | D:4      | Gained mutation: When low on magic, you restore magic in
                  | place of health. [demonic ancestry]
  2975 | D:4      | Reached XP level 6. HP: 23/41 MP: 11/11
  3073 | Temple   | Entered the Ecumenical Temple
  3198 | D:4      | Reached skill level 6 in Necromancy
  3398 | D:4      | Found a runed translucent gate.
  3398 | D:4      | Found a runed translucent gate.
  3412 | D:4      | Found a runed translucent gate.
  3434 | D:4      | Noticed an ice beast
  3435 | D:4      | Noticed an ice beast
  3435 | D:4      | Noticed Darkkill's ghost (amateur MiHu)
  3638 | D:4      | Reached XP level 7. HP: 46/46 MP: 13/13
  4012 | D:5      | Entered Level 5 of the Dungeon
  4705 | D:5      | Reached skill level 7 in Necromancy
  4863 | D:5      | Found an ornate altar of the Wu Jian Council.
  4876 | D:5      | Noticed Ijyb
  4896 | D:5      | Killed Ijyb
  4897 | D:5      | Reached skill level 5 in Spellcasting
  4946 | D:5      | Reached skill level 5 in Dodging
  4956 | D:5      | Gained mutation: Your touch may inflict irresistible damage
                  | on your foes. [demonic ancestry]
  4956 | D:5      | Reached XP level 8. HP: 33/52 MP: 14/15
  5608 | D:5      | Noticed Menkaure
  5621 | D:5      | Killed Menkaure
  5622 | D:5      | Reached skill level 8 in Necromancy
  5939 | D:5      | Learned a level 5 spell: Borgnjor's Vile Clutch
  6025 | D:6      | HP: 1/48 [phantom (4)]
  6025 | D:6      | Killed from afar by an orc priest

Illustrated notes

Levels and vault maps discovered:
D:1:      noname_arrival_rooms_in_the_neighbourhood, layout_basic
D:2:      layout_loops_corners, serial_rivers, chequers_serial_rivers_large_b,
          chequers_serial_rivers_marsh, chequers_serial_rivers_marsh,
          chequers_serial_rivers_micro_e, serial_shops, shop, uniq_robin,
          uniq_jessica, uniq_crazy_yiuf_cottage
D:3:      layout_loops_cross, minmay_fountain_box, serial_bayou_lagoon_b
D:4:      layout_basic, minmay_temple_entry_junction, gammafunk_ghost_icy
D:5:      layout_basic, amcnicky_altar_gilded, nrook_mini_backslash,
          chequers_serial_rivers_small_b, uniq_menkaure, uniq_ijyb
D:6:      layout_gridville, lemuel_doored_altar,
          nicolae_hepliaklqana_hippocampus, nicolae_qazlal_style_of_elements,
          kennysheep_small_square
Temple:   nicolae_temple_two_arcs

Skill      XL: |  1  2  3  4  5  6  7  8 |
---------------+-------------------------+-----
Dodging        | 2 3 4 5 |  5.8
Necromancy     | 5 6 7 8 |  8.0
Spellcasting   | 3 4 5 |  5.9
Stealth        | |  1.7

Action                     |  1- 3 |  4- 6 |  7- 9 || total
---------------------------+-------+-------+-------++-------
  Melee: Short sword       |    12 |       |       ||    12
         Unarmed           |     1 |       |       ||     1
         Dagger            |     2 |    19 |    37 ||    58
         Touch             |       |     5 |     7 ||    12
   Cast: Necrotise         |    61 |   124 |    62 ||   247
         Animate Dead      |       |     5 |     5 ||    10
 Armour: Robe              |    13 |     8 |     4 ||    25
  Dodge: Dodged            |    33 |    43 |    44 ||   120
